 Dungeon Crawl Stone Soup version 0.27.1-4-g1640c2035a (webtiles) character file.

Game seed: 4663069140870218763

1201 ScarCow the Chiller (level 8, -1/52 HPs)
             Began as a Merfolk Ice Elementalist on Nov 12, 2021.
             Killed from afar by an orc wizard (5 damage)
             ... with a magic dart
             ... on level 6 of the Dungeon.
             The game lasted 00:57:10 (7853 turns).

ScarCow the Chiller (Merfolk Ice Elementalist)      Turns: 7853, Time: 00:57:11

Health: -1/52      AC:  3    Str:  8    XL:     8   Next: 44%
Magic:  16/16      EV: 12    Int: 17    God:
Gold:   112        SH:  0    Dex: 14    Spells: 7/18 levels left

rFire    . . .     SeeInvis .   b - +0 fustibalus
rCold    + . .     Faith    .   (no shield)
rNeg     . . .     Spirit   .   n - +0 leather armour
rPois    .         Reflect  .   (no helmet)
rElec    .         Harm     .   (no cloak)
rCorr    .         Rampage  .   (no gloves)
Will     .....                  (no boots)
Stlth    +.........             (no amulet)
HPRegen  0.17/turn              C - ring of protection from cold
MPRegen  0.15/turn              (no ring)

@: confused
A: (nimble swimmer 2), mertail
a: no special abilities


You were on level 6 of the Dungeon.
You visited 1 branch of the dungeon, and saw 6 of its levels.

You collected 203 gold pieces.
You spent 91 gold pieces at shops.


Innate Abilities, Weirdness & Mutations

((You are quick and stealthy near water. (Stealth+, EV+, Speed+++)))
Your lower body shifts to a powerful aquatic tail in water.


   Skills:
 - Level 2.6 Dodging
 - Level 2.1 Stealth
 + Level 5.6 Spellcasting
 + Level 4.3 Conjurations
 + Level 7.7 Ice Magic


You had 7 spell levels left.
You knew the following spells:

 Your Spells              Type           Power      Damage    Failure   Level
f - Freeze                Ice            100%       1d11      1%          1
o - Ozocubu's Armour      Ice            31%        N/A       2%          3
r - Frozen Ramparts       Ice            62%        1d8       2%          3
X - Hailstorm             Conj/Ice       25%        3d7       16%         4

Your spell library contained the following spells:

 Spells                   Type           Power      Damage    Failure   Level
 Mephitic Cloud           Conj/Pois/Air  9%         N/A       32%         3
 Call Canine Familiar     Summ           4%         N/A       52%         3
 Ignite Poison            Fire/Tmut/Pois 4%         N/A       52%         3
 Portal Projectile        Hex/Tloc       8%         N/A       52%         3
 Leda's Liquefaction      Hex/Erth       2%         N/A       89%         4
 Bolt of Magma            Conj/Fire/Erth 4%         4d5       96%         5

Inventory:

Hand Weapons
 a - a +0 spear
 b - a +0 fustibalus (weapon)
 h - a +1 vorpal flail
 j - a +0 whip
 o - a +0 longbow
 w - a +3 dire flail of holy wrath
Missiles
 d - 108 stones
 g - 14 sling bullets (quivered ammo)
 y - a curare-tipped dart {=f}
Armour
 n - a +0 leather armour (worn)
 r - a +0 robe
Jewellery
 C - a ring of protection from cold (left hand)
Wands
 s - a wand of charming (7)
Scrolls
 f - a scroll of holy word
 i - a scroll of vulnerability
 k - a scroll of summoning
 l - a scroll of immolation
 m - a scroll of enchant armour {unknown}
 q - 4 scrolls of teleportation {@r2}
 x - a scroll of torment {unknown}
Potions
 c - a potion of heal wounds {unknown}
 e - a potion of might
 p - a potion of mutation
 t - 2 potions of curing {@q1}
 u - 2 potions of attraction
 v - a potion of ambrosia {unknown}
 z - a potion of haste {unknown}

Dungeon Overview and Level Annotations

Branches:
Dungeon (6/15)
 Temple: D:4-7

Altars:
Fedhas
Qazlal
Sif Muna

Shops:
D:4 *

Annotations:
D:4 1 runed translucent door, Terracrafty's ghost, amateur TeAE

.. #...#
..#...# .#...#
..... #...#
#...# #..5#
#o.@#
.......o.......
...##o.######..
. .... .###. .$
#. o #. #(


You could see an orc warrior, 2 orc wizards, a shadow imp and an orc.


Message History

The komodo dragon is no longer moving slowly.
Your magical contamination has completely faded away.
There is a stone staircase leading up, spattered with blood here.
You climb upwards.
There is a stone staircase leading down here.
You start resting.
Magic restored.
HP restored.
You finish taking off your +0 robe.
You finish putting on your +0 leather armour.
There is a stone staircase leading down here.
You climb downwards.
The orc warrior shouts!
You hear a shout! x3
The shadow imp gestures at you. Pain shoots through your body!
An orc wizard comes into view. It is wielding a +0 dagger. x2
The orc warrior barely misses you.
The orc wizard gestures at you while chanting.
You are confused.
The orc warrior hits you from afar with a +0 glaive!!
* * * LOW HITPOINT WARNING * * *
Found 15 gold pieces and 11 stones.
There is a stone staircase leading up, spattered with blood here.
The orc warrior hits you from afar with a +0 glaive!
* * * LOW HITPOINT WARNING * * *
In your confused state, you trip and fall back down the stairs.
* * * LOW HITPOINT WARNING * * *
The orc wizard points at you and mumbles some strange words.
The magic dart hits you.
You die...

Skill      XL: |  1  2  3  4  5  6  7  8 |
---------------+-------------------------+-----
Ice Magic      | 5 6 7 |  7.7
Spellcasting   | 3 4 5 |  5.6
Conjurations   | 1 2 3 4 |  4.3
Dodging        | |  2.6
Stealth        | |  2.1

Action                   |  1- 3 |  4- 6 |  7- 9 || total
-------------------------+-------+-------+-------++-------
Melee: Unarmed           |     3 |    13 |       ||    16
       Spear             |       |     6 |    11 ||    17
 Fire: Fustibalus        |       |    69 |    30 ||    99
Throw: Stone             |    32 |    20 |     1 ||    53
       Dart              |       |     1 |     3 ||     4
 Cast: Freeze            |    51 |    70 |    32 ||   153
       Frozen Ramparts   |     4 |     4 |    13 ||    21
       Ozocubu's Armour  |       |       |     5 ||     5
       Hailstorm         |       |       |     2 ||     2
  Use: Scroll            |       |     6 |     4 ||    10
       Potion            |       |     1 |       ||     1
Armor: Robe              |     7 |       |       ||     7
       Leather armour    |       |     7 |       ||     7
       Skin              |       |     5 |       ||     5
Dodge: Dodged            |    21 |    34 |    17 ||    72

Levels and vault maps discovered:
D:1:      dpeg_arrival_line_fractal, layout_basic, minmay_surrounded
D:2:      layout_basic, shapermc_ecumenical_altar_mp_ritualfount,
          mrwooster_statue_mirror, uniq_terence
D:3:      layout_loops_corners, old_standard_altar,
          wander_ebering_terrifying_dragon_lair
D:4:      layout_cave_pods, grunt_qazlal_clouds, general_overflow_altar,
          gammafunk_ghost_grave, serial_shops, shop
D:5:      layout_loops_ring, uniq_edmund, uniq_blork_the_orc
D:6:      layout_basic, minmay_fountain_box, minmay_manual_monstrance,
          uniq_prince_ribbit1

Notes
Turn   | Place    | Note
-------+----------+-------------------------------------------
     0 | D:1      | ScarCow the Merfolk Ice Elementalist began the quest for
                  | the Orb.
     0 | D:1      | Reached XP level 1. HP: 13/13 MP: 3/3
   110 | D:1      | Reached XP level 2. HP: 13/19 MP: 0/5
   581 | D:1      | Reached XP level 3. HP: 24/24 MP: 2/6
   585 | D:1      | Learned a level 3 spell: Frozen Ramparts
   800 | D:1      | Reached skill level 5 in Ice Magic
  1124 | D:1      | Learned a level 3 spell: Ozocubu's Armour
  1494 | D:2      | Reached XP level 4. HP: 26/30 MP: 5/8
  1536 | D:2      | Found a faded altar of an unknown god.
  1560 | D:2      | Noticed Terence
  1575 | D:2      | Killed Terence
  1576 | D:2      | Reached skill level 3 in Spellcasting
  1576 | D:2      | Reached skill level 1 in Conjurations
  2477 | D:3      | Found a blossoming altar of Fedhas.
  2485 | D:3      | Reached XP level 5. HP: 35/35 MP: 5/9
  2980 | D:3      | Reached skill level 2 in Conjurations
  2980 | D:3      | Reached XP level 6. HP: 16/41 MP: 2/11
  3626 | D:4      | Found a runed translucent door.
  3627 | D:4      | Noticed Terracrafty's ghost (amateur TeAE)
  3736 | D:3      | Reached skill level 6 in Ice Magic
  4065 | D:4      | Reached skill level 4 in Spellcasting
  4329 | D:4      | Noticed a necrophage
  4424 | D:4      | Found a shimmering blue altar of Sif Muna.
  4961 | D:5      | Entered Level 5 of the Dungeon
  4971 | D:4      | Found a stormy altar of Qazlal.
  5031 | D:4      | Found Weqol's General Store.
  5063 | D:4      | Bought a scroll of identify for 26 gold pieces
  5063 | D:4      | Bought a scroll of identify for 26 gold pieces
  5063 | D:4      | Bought a potion of curing for 39 gold pieces
  5669 | D:5      | Reached XP level 7. HP: 39/46 MP: 7/13
  5796 | D:5      | Noticed Blork the orc
  5804 | D:4      | Reached skill level 3 in Conjurations
  6175 | D:5      | Reached skill level 7 in Ice Magic
  6242 | D:5      | Reached skill level 5 in Spellcasting
  6639 | D:5      | Learned a level 4 spell: Hailstorm
  6661 | D:5      | Reached XP level 8. HP: 52/52 MP: 10/15
  6876 | D:5      | Noticed Edmund
  6887 | D:5      | Killed Edmund
  6888 | D:5      | Reached skill level 4 in Conjurations
  7043 | D:5      | Killed Blork the orc
  7556 | D:6      | Noticed a komodo dragon
  7852 | D:6      | HP: 5/52 [orc warrior (15)]
  7853 | D:6      | Killed from afar by an orc wizard

Vanquished Creatures
  Edmund (D:5)
  A sky beast (D:5)
  A necrophage (D:6)
  An ogre (D:4)
  Blork the orc (D:5)
  A water moccasin zombie (D:3)
  2 scorpions (D:5)
  A howler monkey (D:5)
  A jelly (D:5)
  An orc priest (D:5)
  Terence (D:2)
  4 iguanas (D:5)
  An orc wizard (D:3)
  7 gnolls
  7 adders
  An adder zombie (D:5)
  2 worms
  3 dart slugs
  5 orcs
  4 ball pythons
  4 endoplasms
  4 giant cockroaches
  10 hobgoblins
  4 jackals (D:4)
  7 kobolds
  3 quokkas
  10 bats
  3 frilled lizards
  9 goblins
  6 rats
106 creatures vanquished.

Vanquished Creatures (collateral kills)
  2 phantoms
  A dart slug (D:4)
  2 kobolds (D:2)
5 creatures vanquished.

Vanquished Creatures (others)
  2 fungi (D:2)
  2 plants (D:2)
  2 withered plants (D:4)
6 creatures vanquished.

Grand Total: 117 creatures vanquished

Table legend: (Time is in decaauts)
 A = Elapsed time spent in this place.
 B = Non-inter-level travel time spent in this place.
 C = Inter-level travel time spent in this place.
 D = Time resting spent in this place.
 E = Time spent auto-exploring this place.
 F = Levels seen in this place.
 G = Mean time per level.
                   A        B        C        D        E       F      G
               +--------+--------+--------+--------+--------+-----+--------+
         Total |   7894 |   7522 |    372 |   2862 |   3245 |   6 | 1315.7 |
       Dungeon |   7894 |   7522 |    372 |   2862 |   3245 |   6 | 1315.7 |
               +--------+--------+--------+--------+--------+-----+--------+

Top non-repeatable levels by time:
     D:5: 1884 daAuts
     D:3: 1746 daAuts
     D:4: 1728 daAuts
     D:2: 1255 daAuts
     D:1: 1126 daAuts
     D:6: 153 daAuts

Table legend:
 A = Non-vault XP
 B = Vault XP
 C = Vault XP percentage of total XP
 D = Non-vault monster count
 E = Vault monster count
 F = Vault count percentage of total count
                 A         B        C        D         E       F
            +---------+---------+-------+---------+---------+-------
      Total |    1317 |     399 |  23.3 |     104 |       7 |   6.3
            +---------+---------+-------+---------+---------+-------
        D:1 |      42 |       6 |  12.5 |      26 |       2 |   7.1
        D:2 |      68 |      36 |  34.6 |      23 |       1 |   4.2
        D:3 |     269 |       1 |   0.4 |      24 |       1 |   4.0
        D:4 |     252 |       0 |   0.0 |      16 |       0 |   0.0
        D:5 |     686 |     235 |  25.5 |      15 |       2 |  11.8
        D:6 |       0 |     121 | 100.0 |       0 |       1 | 100.0
            +---------+---------+-------+---------+---------+-------
